AoeStats
← Rads201

Arena

505168808Analyzed
3v3 RM · 25d ago on Sep 8, 2026· 50m 31s· 6 players
Game mode
Random Map
Map size
Normal (6 player)
Population
200
Speed
Normal
Resources
Standard
Victory
Conquest
Starting age
Dark Age
Ending age
Imperial Age
RankedLock teamsTeams togetherTeam positionsShared explorationLock speedFull tech treeHidden civsTurbo modeCheats
Victory
Defeat
🇲🇽 Bohemians · Mexico
940
+14
🇺🇸 Georgians · United States
938
+15
🇹🇼 Inca · Taiwan
909
+16
🇺🇸 Japanese · United States
906
-15
🇺🇸 Inca · United States
906
-15
🇺🇸 Britons · United States
906
-15
Yen466
3:50 Loom
11:14 Feudal Age
12:01 Horse Collar
12:10 Double-Bit Axe
17:38 Wheelbarrow
19:07 Fletching
22:09 Castle Age
20:46 Padded Archer Armor
23:15 Bow Saw
23:08 Heavy Plow
22:32 Crossbowman
23:12 Bodkin Arrow
27:34 Ballistics
27:45 Yeomen
29:49 Hand Cart
32:15 Imperial Age
33:02 Leather Archer Armor
34:01 Warwolf
39:27 Elite Longbowman
42:12 Bracer
45:53 Chemistry
45:50 Ring Archer Armor
50:44 Murder Holes
Rads201
3:42 Loom
11:43 Feudal Age
13:33 Horse Collar
13:41 Double-Bit Axe
19:24 Castle Age
18:33 Forging
18:24 Scale Mail Armor
21:57 Wheelbarrow
21:26 Heavy Plow
21:39 Bow Saw
23:09 Iron Casting
22:49 Chain Mail Armor
24:19 Gold Mining
25:53 Hand Cart
25:37 Elite Skirmisher
27:34 Fletching
37:09 Imperial Age
37:17 Elite Kamayuk
37:59 Fabric Shields
38:57 Town Watch
39:45 Crop Rotation
39:53 Gold Shaft Mining
40:39 Andean Sling
41:16 Plate Mail Armor
46:09 Blast Furnace
48:06 Murder Holes
Leer
10:39 Loom
12:25 Feudal Age
16:27 Castle Age
14:24 Horse Collar
14:57 Double-Bit Axe
18:41 Heavy Plow
18:55 Bow Saw
18:41 Fletching
21:48 Bodkin Arrow
22:48 Ballistics
22:28 Guard Tower
24:25 Stone Mining
24:31 Gold Mining
28:49 Imperial Age
27:16 Gold Shaft Mining
27:40 Scale Mail Armor
27:50 Forging
27:44 Padded Archer Armor
27:23 Elite Skirmisher
28:53 Wheelbarrow
33:35 Murder Holes
36:27 Bracer
37:12 Fortified Wall
38:15 Kataparuto
40:21 Chemistry
47:08 Hand Cart
49:39 Town Watch
harald
0:38 Loom
1:42 Loom
3:01 Loom
3:10 Loom
11:46 Feudal Age
12:46 Double-Bit Axe
12:48 Horse Collar
16:44 Castle Age
19:43 Wheelbarrow
20:25 Chemistry
19:30 Padded Archer Armor
23:00 Wheelbarrow
23:31 Town Watch
24:57 Fletching
25:31 Ballistics
27:55 Leather Archer Armor
27:43 Squires
28:13 Heavy Plow
28:40 Bow Saw
35:17 Imperial Age
36:31 Hand Cart
36:42 Elite Skirmisher
38:37 Ring Archer Armor
40:21 Siege Engineers
39:41 Houfnice
46:32 Bodkin Arrow
47:40 Bracer
47:30 Arrowslits
48:05 Bombard Tower
47:41 Murder Holes
47:57 Masonry
48:36 Elite Hussite Wagon
49:32 Wagenburg Tactics
49:32 Hussite Reforms
49:48 Conscription
Red Death
9:59 Feudal Age
10:25 Double-Bit Axe
10:21 Horse Collar
18:17 Castle Age
16:41 Scale Barding Armor
17:55 Stone Mining
18:03 Gold Mining
20:47 Bow Saw
24:33 Husbandry
27:26 Bloodlines
32:06 Imperial Age
30:28 Wheelbarrow
29:41 Loom
29:42 Town Watch
30:57 Stone Shaft Mining
31:06 Chain Barding Armor
31:18 Forging
30:45 Light Cavalry
31:50 Heavy Plow
32:26 Hand Cart
33:15 Conscription
33:04 Aznauri Cavalry
34:33 Plate Barding Armor
35:59 Crop Rotation
35:24 Elite Monaspa
37:02 Iron Casting
37:32 Hussar
40:31 Hoardings
41:55 Blast Furnace
46:16 Padded Archer Armor
45:39 Cavalier
46:26 Town Patrol
路過的黑貓
10:31 Feudal Age
14:08 Castle Age
12:31 Double-Bit Axe
12:59 Horse Collar
13:26 Champi Runner
14:59 Bow Saw
15:37 Gold Mining
19:12 Town Watch
19:08 Champi Warrior
20:26 Scale Mail Armor
21:04 Squires
21:37 Chain Mail Armor
23:00 Forging
23:20 Treadmill Crane
24:48 Iron Casting
26:44 Wheelbarrow
31:54 Fletching
35:06 Imperial Age
32:40 Bodkin Arrow
33:20 Hand Cart
34:31 Padded Archer Armor
35:02 Ballistics
35:16 Elite Champi Warrior
36:28 Plate Mail Armor
35:29 Elite Skirmisher
36:41 Fortified Wall
36:51 Bracer
37:54 Heavy Plow
38:34 Gold Shaft Mining
40:03 Blast Furnace
41:15 Chemistry
42:40 Leather Archer Armor
44:19 Crop Rotation
44:41 Stone Mining
45:31 Capped Ram
47:01 Loom
47:17 Siege Ram
48:49 Stone Shaft Mining
50:39 Ring Archer Armor
50:34 Siege Engineers
Connection lost

Rejoining the realm…

Still unreachable

The connection could not be restored.

Session expired

The server has moved on; the page needs a fresh start.